 Dungeon Crawl Stone Soup version 0.16-a0-4005-g3d13fd6 (webtiles) character file.

272363 FishServ the Imperceptible (level 19, -8/153 HPs)
             Began as a Vampire Arcane Marksman on Dec 26, 2014.
             Was the Champion of Ashenzari.
             Mangled by a tentacled monstrosity (10 damage)
             ... on level 5 of the Vaults on Feb 15, 2015.
             The game lasted 06:36:36 (39158 turns).

FishServ the Imperceptible (VpAM)                  Turns: 39158, Time: 06:36:37

Health: -8/153     AC: 27    Str: 10    XL:     19   Next: 47%
Magic:  34/36      EV: 26    Int: 21    God:    Ashenzari [******]
Gold:   819        SH:  0    Dex: 16    Spells: 10 memorised, 5 levels left

rFire  . . .     SeeInvis +     H - +9 triple sword of Twa Prea {slice, Int+3} (curse)
rCold  . . .     Clarity  +     d - +3 leather armour {MR+}
rNeg   . . .     SustAb   .     (no shield)
rPois  +         Gourm    .     M - +1 helmet {SInv} (curse)
rElec  .         Spirit   .     S - +2 cloak {rPois} (curse)
rCorr  .         Warding  .     k - +0 pair of gloves (curse)
rMut   .         Stasis   .     i - +2 pair of boots (curse)
MR     ++...                    f - amulet of regeneration (curse)
Stlth  +++++++++.               F - +4 ring of protection
                                j - +5 ring of protection (curse)

@: very slightly contaminated, regenerating quickly, constricted, invisible,
very resistant to hostile enchantments, incredibly stealthy
A: bottle blood, fangs 3, see invisible, unbreathing
a: Scrying, Transfer Knowledge, Renounce Religion
}: 2/15 runes: serpentine, barnacled


You were on level 5 of the Vaults.
You worshipped Ashenzari.
Ashenzari was exalted by your worship.
You were very full.

You visited 8 branches of the dungeon, and saw 44 of its levels.
You also visited: Labyrinth.

You collected 4167 gold pieces.
You spent 3348 gold pieces at shops.

Inventory:

Hand weapons
 H - the cursed +9 triple sword of Twa Prea (weapon) {slice, Int+3}
   (You found it on level 3 of the Orcish Mines)

   It inflicts extra damage upon your enemies.
   It affects your intelligence (+3).
   It has a curse placed upon it.
Missiles
 h - a throwing net
 u - 12 javelins (quivered)
 B - 2 silver javelins
Armour
 d - a +3 leather armour of magic resistance (worn)
 i - a cursed +2 pair of boots (worn)
 k - a cursed +0 pair of gloves (worn)
 M - a cursed +1 helmet of see invisible (worn)
 S - a cursed +2 cloak of poison resistance (worn)
Rods
 v - a cursed +2 rod of clouds (10/10)
   (You found it in a labyrinth)
 N - a +5 rod of ignition (12/12)
   (You found it in a labyrinth)
Jewellery
 f - a cursed amulet of regeneration (around neck)
 j - a cursed +5 ring of protection (left hand)
 p - an uncursed ring of protection from magic
 x - an uncursed ring of sustain abilities
 y - an uncursed amulet of resist corrosion
 F - a +4 ring of protection (right hand)
 G - an uncursed ring of protection from cold
 U - an uncursed ring of protection from fire
Magical devices
 l - a wand of hasting (6)
 m - a wand of confusion (8)
 o - a wand of disintegration (3)
 q - a wand of magic darts (21)
 s - a wand of cold (3)
 A - a wand of teleportation (3)
 T - a wand of teleportation (8)
 Y - a wand of fireball (0)
Scrolls
 a - 2 scrolls of enchant weapon
 c - 6 scrolls of magic mapping
 g - 5 scrolls of remove curse
 r - 4 scrolls of fear
 t - 3 scrolls of teleportation
 w - 3 scrolls of fog
 O - 2 scrolls of identify
Potions
 b - a potion of haste
 e - 5 potions of agility
 n - a potion of cancellation
 z - 2 potions of resistance
 C - 23 potions of blood
 D - a potion of brilliance
 J - 7 potions of curing
 L - 6 potions of restore abilities
 P - a potion of magic
 Q - 2 potions of might
 X - a potion of berserk rage
Miscellaneous
 W - a phial of floods (inert)


   Skills:
 - Level 14.5 Fighting
   Level 8.0(8.9) Short Blades
 + Level 5.2(11.7) Long Blades
 - Level 1.5 Throwing
 - Level 11.0 Armour
 - Level 18.0(20.3) Dodging
 - Level 23.0(25.1) Stealth
   Level 5.0 Shields
 - Level 11.5 Spellcasting
 - Level 12.7(15.3) Hexes
   Level 3.4(6.1) Charms
 - Level 8.0(11.0) Summonings
 - Level 1.0(2.7) Translocations
 - Level 2.6(5.1) Ice Magic
   Level 2.7(5.2) Air Magic
 - Level 4.0(6.8) Evocations


You had 5 spell levels left.
You knew the following spells:

 Your Spells              Type           Power        Failure   Level  Hunger
a - Invisibility          Hex            ######..     1%          6    ######.
b - Slow                  Hex            ######..     1%          2    None
c - Enslavement           Hex            ######..     1%          4    #......
d - Cause Fear            Hex            ######....   1%          4    #......
e - Ensorcelled Hibernat  Hex/Ice        ######       1%          2    None
f - Mass Confusion        Hex            ######....   1%          6    ######.
g - Summon Mana Viper     Hex/Summ       ######..     1%          5    ####...
i - Summon Butterflies    Summ           ######..     1%          1    None
C - Shadow Creatures      Summ           N/A          2%          5    ####...
G - Apportation           Tloc           ###.......   2%          1    None


Dungeon Overview and Level Annotations

Branches:
Dungeon (15/15)            Temple (1/1) D:4            Lair (8/8) D:11
 Shoals (5/5) Lair:3        Snake (5/5) Lair:6          Orc (4/4) D:11
    Elf (0/3) Orc:4        Vaults (5/5) D:14          Crypt (0/3) Vaults:3
 Depths (1/5) D:15
  Slime: Lair:6-8

Altars:
Ashenzari
Cheibriados
Dithmenos
Elyvilon
Fedhas
Gozag
Nemelex Xobeh
Okawaru
Qazlal
Ru
Sif Muna
Trog
Vehumet
Xom
Yredelemnul
Zin
Beogh
Jiyva

Shops:
D:9 *   D:11 [(   D:14 ?   Orc:1 }   Orc:2 [   Orc:4 [[**   Snake:3 *
Vaults:3 }

Annotations:
D:4 Eustachio
D:6 exclusion: slave, Ijyb; chequers' ghost, experienced GrFi
D:7 exclusion: upstairs
D:9 exclusion: 2 upstairs
D:14 Twstr
D:15 invis before >, get runed
Lair:2 exclusion: hydra, Erica
Lair:4 Fannar
Lair:7 exclusions: death yak and 2 more exclusions
Lair:8 runed door, exclusions: catoblepas and door, Rupert
Shoals:5 Donald
Snake:1 Sonja
Snake:5 exclusions: upstairs and 1 more exclusion
Orc:2 Snorg
Orc:3 dig/disint/cblink, exclusion: 2 upstairs
Vaults:5 Frederick


Innate Abilities, Weirdness & Mutations

Your natural rate of healing is unusually fast.
You can bottle blood from corpses.
You have razor-sharp teeth.
You have supernaturally acute eyesight.
You can survive without breathing.


Message History

* * * LOW HITPOINT WARNING * * *
Unknown command.
The stone giant shouts!
You slash the ancient lich!
The ancient lich is lightly damaged.
The tentacled monstrosity tentacle-slaps you.
* * * LOW HITPOINT WARNING * * *
The tentacled monstrosity tentacle-slaps you but does no damage.
The tentacled monstrosity misses you.
* * * LOW HITPOINT WARNING * * *
The tentacled monstrosity constricts you.
The stone giant throws a large rock.
The large rock hits the ancient lich!!
The ancient lich completely misses you.
You catch the helpless ancient lich completely off-guard!
You slash the ancient lich!
The ancient lich is heavily damaged.
The tentacled monstrosity tentacle-slaps you.
* * * LOW HITPOINT WARNING * * *
The tentacled monstrosity tentacle-slaps you!
You die...

#(.C..., ,,......
#..... , , ,{.{...
#.8..#####**
###### #....##..#
.#* ,*
#....##..##..#*, *
#..##..##..#*, **
#..##..##).# ,,
#XL#/##..##.. *,,*
#.@#{ ..# ..#*,,*
#..##,.##..*#..**,
#..#*..* ..# H.#
#./#)#*,, #., #
#.L#∆ ,, * * #..#*
* , **, **, #..# ,
* , *,, , #..#∆**
**,, * ,
#..#{**,,* ,, *


You could see a tentacled monstrosity, an ancient lich, a stone giant, a lich
(invisible) and a spellforged servitor (wandering).

Vanquished Creatures
  A kraken (Shoals:2)
  A sphinx (Vaults:1)
  A fire giant (Vaults:5)
  5 greater nagas
  2 orc warlords
  10 vault wardens
  2 deep elf sorcerers
  9 ironheart preservers
  6 stone giants
  2 very ugly things (Vaults:3)
  A deep elf annihilator (Vaults:4)
  3 deep elf death magi (Vaults:4)
  10 vault guards
  2 merfolk impalers
  A minotaur (Lab)
  6 yaktaur captains
  An ettin (Vaults:5)
  An ice dragon (Vaults:3)
  3 fire dragons
  5 ogre magi
  A great orb of eyes (Vaults:2)
  A hydra (D:10)
  17 naga warriors
  4 centaur warriors
  13 anacondas
  2 deep troll earth magi
  A satyr (Shoals:5)
  11 shock serpents
  2 death yaks (Lair:3)
  A deep troll shaman (Vaults:2)
  Urug (Orc:3)
  6 naga sharpshooters
  4 orc high priests
  3 deep elf knights
  A shadow wraith (Vaults:3)
  6 salamander mystics (Snake:5)
  A storm dragon skeleton (Vaults:2)
  3 fire crabs
  5 skeletal warriors
  16 ironbrand convokers
  7 harpies
  6 unseen horrors
  4 sea snakes
  21 orc knights
  7 deep trolls
  A swamp dragon (shapeshifter) (D:15)
  A deep elf summoner (Vaults:1)
  5 naga ritualists
  Pikel (D:9)
  9 hill giants
  4 giant orange brains
  2 lindwurms (Snake:5)
  6 deep elf conjurers
  7 orc sorcerers
  A harpy (shapeshifter) (Vaults:2)
  4 wolf spiders
  2 necromancers
  An oklob plant (Shoals:1)
  A phantasmal warrior (Vaults:4)
  3 griffons
  3 manticores
  4 mana vipers
  A draconian (shapeshifter) (Vaults:3)
  3 wizards
  31 ugly things
  3 hornets
  2 black mambas (shapeshifter)
  5 salamanders
  34 black mambas
  A water nymph (shapeshifter) (D:8)
  A water nymph (Shoals:5)
  6 cyclopes
  A sixfirhy (Orc:4)
  5 centaur zombies
  9 spiny frogs
  2 sirens
  Joseph (D:7)
  12 vault sentinels
  9 elephants
  An orange demon (Vaults:4)
  3 guardian serpents
  14 naga magi
  2 human zombies
  3 komodo dragons
  20 yaktaurs
  A kobold demonologist (D:14)
  2 wyverns
  6 deep elf priests
  A fire drake (shapeshifter) (Vaults:1)
  11 trolls
  A yaktaur skeleton (Depths:1)
  6 merfolk (Shoals:4)
  A wandering mushroom (Lair:2)
  2 freezing wraiths
  A polar bear (Lair:1)
  2 steam dragons (D:9)
  A snapping turtle (Shoals:1)
  Grinder (D:5)
  A wind drake (Shoals:3)
  A raiju (shapeshifter) (D:15)
  4 blink frogs (Lair:3)
  23 slime creatures
  5 two-headed ogres (Vaults:1)
  6 boulder beetles
  A raven (shapeshifter) (Vaults:2)
  A basilisk (shapeshifter) (D:15)
  2 basilisks
  A spriggan (shapeshifter) (D:14)
  4 redbacks
  2 water elementals
  A tarantella (Vaults:3)
  A trapdoor spider (D:13)
  A shadow (D:8)
  4 deep elf magi
  12 yaks
  9 deep elf fighters
  A wraith (D:15)
  7 hippogriffs
  2 hungry ghosts
  7 wargs
  21 vampire mosquitoes
  Edmund (D:4)
  41 nagas
  A wolf (Lair:8)
  45 orc warriors
  A warg (shapeshifter) (D:15)
  18 water moccasins
  A water moccasin (shapeshifter) (Vaults:3)
  3 mottled dragons
  8 porcupines
  3 sky beasts
  2 eyes of draining (shapeshifter)
  8 boggarts (Vaults:1)
  3 phantoms
  4 black bears
  An eye of draining (D:9)
  8 ice beasts
  17 centaurs
  2 boring beetles
  Sigmund (D:7)
  Duvessa (D:5)
  22 ogres
  8 crocodiles
  A big kobold (D:14)
  A gnoll sergeant (D:7)
  12 giant frogs
  2 water moccasin zombies
  3 scorpions
  8 wights
  A human simulacrum (Vaults:2)
  10 killer bees
  A spriggan skeleton (Lab)
  A troll skeleton (Lab)
  4 electric eels
  Dowan (D:5)
  A goliath beetle (D:8)
  A giant frog zombie (D:12)
  11 crimson imps
  3 jellies
  A wasp zombie (D:9)
  6 centaur skeletons
  3 giant frog skeletons
  An iron imp (D:11)
  7 worker ants
  26 orc priests
  4 quasits
  11 hounds
  40 orc wizards
  10 iguanas
  2 killer bee zombies
  7 sheep
  An ogre skeleton (Lab)
  2 hound zombies (D:5)
  A hound skeleton (D:8)
  2 mummies
  A worker ant zombie (D:11)
  40 river rats
  5 gnolls (D:7)
  15 adders
  2 giant mites
  A worm (D:5)
  An orc zombie (Vaults:1)
  2 adder zombies
  A giant gecko (D:5)
  An ooze (D:7)
  149 orcs
  A ball python (D:3)
  A bat skeleton (D:7)
  17 goblins
  10 hobgoblins
  7 jackals
  9 quokkas
  4 bats
  3 giant cockroaches
  2 giant newts
  5 giant spores
  16 kobolds
  A quokka skeleton (D:4)
  6 rats
  14 ballistomycetes
  2 crawling corpses (Vaults:4)
1293 creatures vanquished.

Vanquished Creatures (collateral kills)
  A bone dragon (Vaults:3)
  A frost giant (Vaults:3)
  A fire giant (Vaults:3)
  2 vault wardens (Vaults:3)
  4 greater nagas
  The ghost of Demise101 the Unseen, a mighty HEWz of Makhleb (Shoals:1)
  A war gargoyle (Vaults:3)
  3 ironheart preservers
  A very ugly thing (Vaults:4)
  A centaur warrior (Vaults:4)
  3 hydras
  A merfolk avatar (Shoals:5)
  2 rakshasas
  An ogre mage (Vaults:3)
  An orc high priest (Orc:4)
  A death yak (Lair:3)
  3 naga sharpshooters
  4 skeletal warriors
  3 deep trolls
  2 harpies (Shoals:2)
  A flayed ghost (Vaults:3)
  A lindwurm (Snake:5)
  3 orc knights
  4 mana vipers
  2 naga ritualists
  2 salamanders (Snake:5)
  4 ugly things
  3 guardian serpents (Snake:5)
  2 black mambas (Snake:4)
  5 elephants
  2 gargoyles
  A centaur skeleton (D:11)
  A vault sentinel (Vaults:1)
  3 naga magi (Snake:5)
  3 yaktaurs
  A merfolk (Shoals:4)
  A queen bee (D:10)
  3 deep elf priests (Vaults:4)
  A two-headed ogre (Vaults:3)
  A boulder beetle (Vaults:1)
  2 vampires
  A tarantella (shapeshifter) (D:15)
  A deep elf mage (D:10)
  7 yaks
  A hippogriff (D:13)
  6 nagas
  2 deep elf fighters
  A warg (Vaults:3)
  5 ogres
  A centaur (D:13)
  9 killer bees
  A boring beetle (shapeshifter) (Vaults:3)
  A wight (D:15)
  A hound (D:10)
  4 orc priests
  3 orc wizards
  A sheep (shapeshifter) (D:15)
  A sheep (Lair:2)
  2 gnolls (D:7)
  An adder (D:11)
  4 river rats (Lair:1)
  22 orcs
  2 hobgoblins (Orc:4)
  3 kobolds
163 creatures vanquished.

Vanquished Creatures (others)
  A frost giant (Vaults:4)
  An ironheart preserver (Vaults:3)
  An ettin (Vaults:3)
  A yaktaur captain (Vaults:3)
  An orc knight (Vaults:3)
  2 ugly things (Vaults:3)
  An ironbrand convoker (Vaults:3)
  A deep elf conjurer (Vaults:3)
  14 mana vipers
  A kobold demonologist (D:11)
  A vault sentinel (Vaults:3)
  A spiny frog (Lair:8)
  A yaktaur (Vaults:3)
  A boulder beetle (Vaults:4)
  2 wraiths
  6 water elementals
  A yak (D:13)
  6 orc warriors
  2 ogres (Orc:3)
  A boggart (Vaults:1)
  A centaur (Shoals:3)
  3 lost souls (Vaults:4)
  A giant frog (Lair:4)
  2 big kobolds
  11 killer bees
  A wasp zombie (D:14)
  2 orc priests (D:11)
  10 hounds
  A worker ant (D:10)
  5 sheep
  A gnoll (D:7)
  3 river rats
  A white imp (D:11)
  7 orcs
  2 jackals (D:11)
  3 kobolds
  2 giant spores (D:9)
  A goblin (Orc:4)
  A quokka (D:7)
  5 fungi
  6 plants
  A tentacle (Shoals:5)
116 creatures vanquished.

Grand Total: 1572 creatures vanquished

Notes
Turn   | Place    | Note
--------------------------------------------------------------
     0 | D:1      | FishServ, the Vampire Arcane Marksman, began the quest for the Orb.
     0 | D:1      | Reached XP level 1. HP: 14/14 MP: 2/2
    88 | D:1      | Reached skill level 1 in Fighting
   309 | D:1      | Reached XP level 2. HP: 22/22 MP: 1/3
   418 | D:2      | Learned a level 2 spell: Slow
   691 | D:3      | Reached XP level 3. HP: 15/28 MP: 2/4
   990 | D:4      | Noticed Edmund
  1010 | D:4      | Reached XP level 4. HP: 36/36 MP: 3/5
  1147 | D:4      | Reached XP level 5. HP: 43/43 MP: 5/7
  1256 | D:4      | Reached skill level 1 in Stealth
  1321 | D:4      | Killed Edmund
  1321 | D:4      | Reached skill level 5 in Fighting
  1321 | D:4      | Reached XP level 6. HP: 44/51 MP: 1/8
  1382 | D:4      | Noticed Eustachio
  1683 | D:4      | Found a staircase to the Ecumenical Temple.
  1721 | Temple   | Entered the Ecumenical Temple
  1811 | Temple   | Became a worshipper of Ashenzari the Shackled
  1850 | D:4      | Learned a level 4 spell: Enslavement
  1856 | D:5      | Entered Level 5 of the Dungeon
  1938 | D:5      | Reached skill level 5 in Hexes
  1957 | D:5      | Noticed Dowan
  1969 | D:5      | Found a deep blue altar of Sif Muna.
  1974 | D:5      | Noticed Duvessa
  1983 | D:5      | Reached XP level 7. HP: 43/57 MP: 1/9
  2009 | D:5      | Killed Duvessa
  2009 | D:5      | Reached skill level 6 in Fighting
  2022 | D:5      | Killed Dowan
  2289 | D:5      | Noticed Grinder
  2296 | D:5      | Paralysed by Grinder for 2 turns
  2299 | D:5      | Killed Grinder
  2299 | D:5      | Reached skill level 7 in Hexes
  2299 | D:5      | Reached XP level 8. HP: 65/65 MP: 7/10
  2432 | D:6      | Reached skill level 8 in Hexes
  2724 | D:7      | Noticed Joseph
  2748 | D:7      | Killed Joseph
  2748 | D:7      | Reached skill level 9 in Hexes
  2927 | D:7      | Noticed Sigmund
  2990 | D:7      | Killed Sigmund
  2990 | D:7      | Reached skill level 10 in Hexes
  3128 | D:7      | Reached XP level 9. HP: 69/75 MP: 8/11
  3207 | D:7      | Reached skill level 11 in Hexes
  3435 | D:6      | Noticed Ijyb
  3436 | D:6      | Noticed chequers' ghost (experienced GrFi)
  4261 | D:8      | Learned a level 4 spell: Cause Fear
  4328 | D:8      | Reached skill level 5 in Dodging
  5115 | D:8      | Reached skill level 1 in Shields
  5177 | D:9      | Reached XP level 10. HP: 5/83 MP: 8/20
  5489 | D:9      | Found an opulent altar of Gozag.
  5489 | D:9      | Found a blossoming altar of Fedhas.
  5489 | D:9      | Found a sacrificial altar of Ru.
  5585 | D:9      | Acquired Ashenzari's first power
  5697 | D:8      | Noticed a cyclops
  5738 | D:9      | Found Qix Ibb's General Store.
  5748 | D:9      | Noticed Pikel
  5750 | D:9      | Bought a potion of restore abilities for 55 gold pieces
  5762 | D:9      | Killed Pikel
  5974 | D:9      | Reached skill level 5 in Spellcasting
  6253 | D:9      | Reached skill level 5 in Shields
  6884 | D:8      | Noticed a water nymph
  6901 | D:8      | Killed a water nymph
  7125 | D:10     | Entered Level 10 of the Dungeon
  7126 | D:10     | Upgraded the game from 0.16-a0-3320-ga5ba31b to 0.16-a0-3369-g3e5b539
  7151 | D:10     | Reached XP level 11. HP: 64/89 MP: 7/25
  7449 | D:10     | Noticed a four-headed hydra
  7478 | D:10     | Killed a four-headed hydra
  8155 | D:11     | Found Oniupruf's Weapon Boutique.
  8155 | D:11     | Found a staircase to the Orcish Mines.
  8157 | D:11     | Found Bree's Armour Boutique.
  8315 | D:11     | Bought a +0 cloak of poison resistance for 110 gold pieces
  8381 | D:11     | Noticed a hill giant
  8401 | D:11     | Killed a hill giant
  8460 | D:11     | Reached skill level 1 in Evocations
  8609 | D:11     | Noticed a hill giant
  8632 | D:11     | Killed a hill giant
  8711 | D:11     | Reached skill level 10 in Dodging
  8727 | D:11     | Noticed a hill giant
  8769 | D:11     | Killed a hill giant
  8876 | D:11     | Found a bloodstained altar of Trog.
  9010 | D:11     | Found a staircase to the Lair.
  9101 | Lair:1   | Entered Level 1 of the Lair of Beasts
  9142 | Lair:1   | Acquired Ashenzari's second power
  9255 | Lair:1   | Reached skill level 1 in Armour
  9361 | Lair:1   | Upgraded the game from 0.16-a0-3369-g3e5b539 to 0.16-a0-3494-g28000b7
  9361 | Lair:1   | Upgraded the game from 0.16-a0-3494-g28000b7 to 0.16-a0-3589-g642d6c3
  9638 | Lair:1   | Reached XP level 12. HP: 90/95 MP: 26/28
  9786 | Lair:1   | Identified the ring "Hero's Friend" {MP+9 SInv}
 10108 | Lair:2   | Noticed Erica
 10645 | Lair:2   | Acquired Ashenzari's third power
 10691 | Lair:2   | Noticed a five-headed hydra
 11030 | Lair:3   | Found a staircase to the Shoals.
 11184 | Lair:3   | Reached skill level 12 in Dodging
 11223 | Lair:3   | Learned a level 2 spell: Ensorcelled Hibernation
 11230 | Lair:3   | Learned a level 6 spell: Mass Confusion
 11463 | Lair:3   | Reached skill level 5 in Armour
 12214 | Lair:4   | Noticed Fannar
 12821 | Lair:6   | Reached skill level 5 in Stealth
 12847 | Lair:6   | Learned a level 5 spell: Summon Mana Viper
 12851 | Lair:6   | Learned a level 3 spell: Call Canine Familiar
 12893 | Lair:6   | Reached skill level 1 in Summonings
 13139 | Lair:6   | Acquired Ashenzari's fourth power
 13184 | Lair:6   | Found a staircase to the Snake Pit.
 13309 | Lair:6   | Noticed an eight-headed hydra
 13671 | Lair:7   | Reached XP level 13. HP: 94/101 MP: 29/29
 13721 | Lair:7   | Noticed a four-headed hydra
 13729 | Lair:7   | Killed a four-headed hydra
 13743 | Lair:8   | Entered Level 8 of the Lair of Beasts
 14225 | Lair:8   | Found a runed door.
 14227 | Lair:8   | Found a viscous altar of Jiyva.
 14302 | Lair:8   | Noticed Rupert
 14767 | Lair:7   | Reached skill level 10 in Stealth
 14998 | D:11     | Bought a +3 leather armour of magic resistance for 312 gold pieces
 15055 | Orc:1    | Entered Level 1 of the Orcish Mines
 15233 | Orc:2    | Found Kowawnuq's Antique Armour Boutique.
 15257 | Orc:2    | Noticed an orc warlord
 16253 | D:12     | Reached skill level 10 in Fighting
 16782 | D:13     | Reached skill level 1 in Short Blades
 17039 | D:14     | Found a labyrinth entrance.
 17045 | D:14     | Found Grasogh's Magic Scroll Shoppe.
 17056 | Lab      | Entered a labyrinth
 17733 | Lab      | Identified a +5 rod of ignition (12/12)
 17736 | Lab      | Identified the +4 ring mail of the Komodo Dragon {*Rage Noisy +Twstr rN+ Dex-5} (You found it in a labyrinth)
 17742 | Lab      | Identified a +1 rod of destruction (9/9) (You found it in a labyrinth)
 17746 | Lab      | Identified a cursed +2 rod of clouds (10/10) (You found it in a labyrinth)
 17747 | Lab      | Identified the cursed +0 morningstar of Valiance {elec, +Blink +Rage +Fly HP+10 MP+5} (You found it in a labyrinth)
 17748 | Lab      | Identified the cursed +0 morningstar of Valiance {elec, +Blink +Rage +Fly HP+10 MP+5} (You found it in a labyrinth)
 17867 | D:14     | Bought a scroll of brand weapon for 240 gold pieces
 17867 | D:14     | Bought a scroll of enchant weapon for 90 gold pieces
 17867 | D:14     | Bought a scroll of enchant weapon for 90 gold pieces
 17867 | D:14     | Bought a scroll of teleportation for 36 gold pieces
 17867 | D:14     | Bought a scroll of identify for 24 gold pieces
 17867 | D:14     | Bought a scroll of remove curse for 36 gold pieces
 17867 | D:14     | Bought a scroll of identify for 24 gold pieces
 17867 | D:14     | Bought a scroll of remove curse for 36 gold pieces
 17867 | D:14     | Bought a scroll of magic mapping for 42 gold pieces
 17867 | D:14     | Bought a scroll of identify for 24 gold pieces
 17872 | D:14     | Gained mutation: Your muscles are strong. (Str +2) [potion of beneficial mutation]
 17882 | D:13     | Reached skill level 10 in Spellcasting
 17888 | D:13     | Reached XP level 14. HP: 107/111 MP: 21/32
 17978 | D:14     | Learned a level 6 spell: Invisibility
 18021 | D:14     | Found a gate to the Vaults.
 18098 | D:14     | Reached skill level 5 in Short Blades
 18447 | D:15     | Entered Level 15 of the Dungeon
 18985 | D:15     | Found a stormy altar of Qazlal.
 19811 | D:15     | Found a staircase to the Depths.
 19819 | Depths:1 | Entered Level 1 of the Depths
 19828 | D:15     | Upgraded the game from 0.16-a0-3589-g642d6c3 to 0.16-a0-3639-gab560df
 20067 | Shoals:1 | Entered Level 1 of the Shoals
 20094 | Shoals:1 | Noticed Demise101's ghost (mighty HEWz)
 20128 | Shoals:2 | Learned a level 3 spell: Flight
 20141 | Shoals:2 | Noticed a kraken
 20188 | Shoals:2 | Killed a kraken
 20188 | Shoals:2 | Reached skill level 1 in Charms
 20188 | Shoals:2 | Reached skill level 1 in Air Magic
 20199 | Shoals:2 | Upgraded the game from 0.16-a0-3639-gab560df to 0.16-a0-3807-g3748f16
 20218 | Shoals:2 | Reached skill level 13 in Dodging
 20628 | Shoals:4 | Reached skill level 1 in Ice Magic
 20707 | Shoals:5 | Entered Level 5 of the Shoals
 20791 | Shoals:5 | Reached XP level 15. HP: 111/117 MP: 28/34
 20919 | Shoals:5 | Identified the +3 scale mail "Brixuph" {rPois+}
 20961 | Shoals:5 | Learned a level 1 spell: Apportation
 20967 | Shoals:5 | Noticed a kraken
 20975 | Shoals:5 | Got a barnacled rune of Zot
 20977 | Shoals:5 | Noticed Donald
 21135 | Shoals:1 | Killed Demise101's ghost
 21211 | Snake:1  | Entered Level 1 of the Snake Pit
 21252 | Snake:1  | Noticed Sonja
 21464 | Snake:1  | Reached skill level 1 in Translocations
 22035 | Snake:2  | Identified a scroll of acquirement
 22149 | Snake:3  | Reached skill level 14 in Dodging
 22188 | Snake:3  | Found Shrot's Assorted Antiques.
 22220 | Snake:3  | Bought a scroll of blinking for 217 gold pieces
 22220 | Snake:3  | Bought a papyrus manual for 435 gold pieces
 22220 | Snake:3  | Bought a scroll of identify for 58 gold pieces
 22220 | Snake:3  | Bought a scroll of identify for 58 gold pieces
 22221 | Snake:3  | +9 stealth ?
 22221 | Snake:3  | Upgraded the game from 0.16-a0-3807-g3748f16 to 0.16-a0-3833-g8a64a7f
 23666 | Snake:5  | Entered Level 5 of the Snake Pit
 24392 | Snake:5  | Reached XP level 16. HP: 127/127 MP: 32/34
 24851 | Snake:5  | Reached skill level 15 in Dodging
 24910 | Snake:5  | Reached skill level 15 in Stealth
 25891 | Snake:5  | Reached skill level 16 in Stealth
 26650 | Snake:5  | Reached skill level 17 in Stealth
 27040 | Snake:5  | Reached skill level 18 in Stealth
 27350 | Snake:5  | Got a serpentine rune of Zot
 27605 | Lair:6   | Upgraded the game from 0.16-a0-3833-g8a64a7f to 0.16-a0-3843-ged98c6c
 27685 | Lair:1   | Learned a level 5 spell: Shadow Creatures
 27752 | Orc:2    | Reached skill level 19 in Stealth
 27932 | Orc:1    | Found Bemuga's Quality Used Wands.
 28219 | Orc:2    | Bought a pair of gloves for 121 gold pieces
 28442 | Orc:2    | Noticed Snorg
 28739 | Orc:4    | Entered Level 4 of the Orcish Mines
 28897 | Orc:4    | Found a staircase to the Elven Halls.
 28979 | Orc:3    | Identified the +9 triple sword of Twa Prea {slice, Int+3}
 29028 | Orc:3    | Noticed Urug
 29039 | Orc:3    | Killed Urug
 29513 | Orc:4    | Found a roughly hewn altar of Beogh.
 29589 | Orc:4    | Found Woishoqi's Armour Boutique.
 29593 | Orc:4    | Found Ydweveew's Armour Shoppe.
 29621 | Orc:4    | Reached skill level 5 in Summonings
 29730 | Orc:4    | Reached XP level 17. HP: 137/137 MP: 24/35
 29806 | Orc:4    | Found Agicupla's General Store.
 29828 | Orc:4    | Found Ittas' General Store.
 29844 | Orc:4    | Reached skill level 20 in Stealth
 29877 | Orc:4    | Bought the +6 leather armour of the Moon {Contam +Blink +Fly rC- rN+} for 555 gold pieces
 29877 | Orc:4    | Bought a +0 helmet of see invisible for 161 gold pieces
 29908 | Orc:4    | Bought a scroll of acquirement for 624 gold pieces
 30081 | Lair:1   | Learned a level 1 spell: Summon Butterflies
 30086 | D:11     | Upgraded the game from 0.16-a0-3843-ged98c6c to 0.16-a0-3977-g3e54836
 30087 | D:11     | Upgraded the game from 0.16-a0-3977-g3e54836 to 0.16-a0-3992-g631dd12
 30163 | Vaults:1 | Entered Level 1 of the Vaults
 30170 | Vaults:1 | Lost mutation: Your muscles are strong. (Str +2) [mutagenic glow]
 30864 | Vaults:1 | Reached skill level 21 in Stealth
 30994 | Vaults:1 | Gained mutation: Space occasionally distorts in your vicinity. [mutagenic glow]
 31560 | Vaults:2 | Reached skill level 22 in Stealth
 33333 | Vaults:1 | Reached XP level 18. HP: 143/143 MP: 27/36
 33942 | Vaults:2 | Reached skill level 23 in Stealth
 34098 | Vaults:2 | Upgraded the game from 0.16-a0-3992-g631dd12 to 0.16-a0-4005-g3d13fd6
 34227 | Vaults:3 | Noticed a bone dragon
 34242 | Vaults:3 | Found a staircase to the Crypt.
 34309 | Vaults:3 | Killed a bone dragon
 34418 | Vaults:3 | Found Egoq's Gadget Boutique.
 35595 | Vaults:3 | Gained mutation: Armour fits poorly on your strangely shaped body. [mutagenic glow]
 36410 | Vaults:4 | Reached skill level 10 in Armour
 36574 | Vaults:4 | Reached XP level 19. HP: 140/152 MP: 20/36
 36902 | Vaults:4 | Found a roughly hewn altar of Beogh.
 37673 | Orc:2    | Killed an orc warlord
 37802 | Lair:1   | Lost mutation: Space occasionally distorts in your vicinity. [potion of cure mutation]
 37802 | Lair:1   | Lost mutation: Armour fits poorly on your strangely shaped body. [potion of cure mutation]
 38341 | Vaults:4 | Reached skill level 1 in Long Blades
 38959 | Vaults:5 | Entered Level 5 of the Vaults
 38975 | Vaults:5 | Noticed Frederick
 39125 | Vaults:5 | Identified the cursed -2 hand axe of Indignation {venom, rPois+ SInv}
 39136 | Vaults:5 | Noticed an ancient lich
 39151 | Vaults:5 | Reached skill level 5 in Long Blades
 39157 | Vaults:5 | HP: 7/153 [tentacled monstrosity (5)]
 39158 | Vaults:5 | HP: 2/153 [tentacled monstrosity (6)]
 39158 | Vaults:5 | Mangled by a tentacled monstrosity

Action                   |  1- 3 |  4- 6 |  7- 9 | 10-12 | 13-15 | 16-18 | 19-21 || total
-------------------------+-------+-------+-------+-------+-------+-------+-------++-------
Melee: Dagger            |    15 |       |       |       |       |       |       ||    15
       Unarmed           |    12 |       |     2 |       |       |       |       ||    14
       Short sword       |    68 |    21 |    34 |       |   950 |  1956 |   269 ||  3298
       Whip              |       |    55 |   482 |  1564 |   586 |       |       ||  2687
       Triple sword      |       |       |       |       |       |       |   136 ||   136
Throw: Tomahawk          |    26 |    61 |    90 |    66 |    31 |    32 |       ||   306
       Javelin           |     7 |     7 |     9 |     8 |       |    14 |     1 ||    46
       Throwing net      |       |     1 |     2 |       |       |       |       ||     3
       Stone             |       |       |     1 |     8 |       |       |       ||     9
 Cast: Corona            |    15 |    18 |    23 |    17 |     4 |       |       ||    77
       Slow              |     1 |     7 |    34 |   132 |    60 |     1 |     1 ||   236
       Enslavement       |       |     2 |    14 |    62 |    21 |    22 |     2 ||   123
       Cause Fear        |       |       |       |     8 |     1 |       |       ||     9
       Call Canine Famil |       |       |       |     9 |    10 |     1 |       ||    20
       Ensorcelled Hiber |       |       |       |     1 |   257 |   523 |    33 ||   814
       Mass Confusion    |       |       |       |     1 |    11 |    26 |    11 ||    49
       Summon Mana Viper |       |       |       |       |    47 |    32 |       ||    79
       Flight            |       |       |       |       |     8 |       |       ||     8
       Invisibility      |       |       |       |       |     2 |    15 |     3 ||    20
       Apportation       |       |       |       |       |    11 |     4 |     2 ||    17
       Shadow Creatures  |       |       |       |       |       |    27 |     4 ||    31
Invok: Scrying           |       |       |       |       |     1 |     1 |     1 ||     3
 Abil: Evoke Blink       |       |       |       |       |       |     1 |       ||     1
Evoke: Wand              |       |       |     1 |    18 |     7 |     2 |     5 ||    33
       Phial of floods ( |       |       |       |       |     1 |     6 |     2 ||     9
       Phantom mirror    |       |       |       |       |       |     1 |       ||     1
  Use: Scroll            |     1 |     4 |    13 |    16 |    35 |    11 |    13 ||    93
       Potion            |       |       |     7 |    29 |    45 |    81 |    29 ||   191
 Stab: Held in net/web   |       |     1 |     1 |       |       |       |       ||     2
       Sleeping          |       |     1 |       |     9 |   159 |   236 |    23 ||   428
       Confused          |       |       |     1 |     3 |    18 |    19 |     6 ||    47
       Paralysed         |       |       |       |     6 |       |       |       ||     6
       Distracted        |       |       |       |     5 |    22 |    26 |     8 ||    61
       Fleeing           |       |       |       |     1 |       |       |       ||     1
       Invisible         |       |       |       |       |       |    40 |    21 ||    61
  Eat: Corpse            |     8 |     5 |    15 |    42 |    45 |    27 |       ||   142
